[Event "FIDE Women GP Shimkent 2024"]
[Site "Shimkent"]
[Date "2024.11.02"]
[Round "4.1"]
[White "Goryachkina, Aleksandra"]
[Black "Tsolakidou, Stavroula"]
[Result "1-0"]
[ECO "B30"]
[WhiteElo "2533"]
[BlackElo "2439"]
[Annotator "TA"]
[PlyCount "87"]
[EventDate "2024.10.11"]
[EventType "tourn"]
[EventCountry "KAZ"]
[SourceTitle "playchess.com"]
[Source "ChessBase"]
[SourceQuality "1"]
[TimeControl "40/5400+30:1800+30"]

1. e4 c5 2. Nf3 Nc6 3. Bb5 e6 4. O-O Nge7 5. Re1 Nd4 6. Nxd4 cxd4 7. c3 a6 8. Bf1 Nc6 9. b4 {[%emt 0:00:33] Against Bc5} Bd6 10. Bb2 {[%emt 0:01:09] White is slightly better.} dxc3 11. dxc3 Qc7 12. h3 O-O 13. Nd2 b6 14. Nc4 Bh2+ 15. Kh1 {[%emt 0:00:06] g3 would now be deadly.} Bf4 16. Bc1 Rb8 17. a4 b5 18. Bxf4 Qxf4 19. Qd2 (19. axb5 {is more complex.} axb5 20. Nd6 Qxf2 21. Bxb5 Ne5 22. Rf1) 19... Qxd2 20. Nxd2 d6 21. Red1 Rd8 22. Nb1 Kf8 23. axb5 axb5 24. Na3 Na7 {[%emt 0:01:53] [#]} 25. Nc4 $1 bxc4 26. Rxa7 Bb7 27. Rd4 ({Reject} 27. Bxc4 $6 Bxe4 28. Bd3 Bc6 $11) 27... d5 {[%emt 0:19:16] [#]} 28. Bxc4 $1 Bc6 29. exd5 exd5 30. Ba6 Rd6 (30... Ra8 $16 31. Rxa8 Rxa8) 31. Rc7 Rf6 32. f3 Rb6 33. Bd3 {[%emt 0:01:58] White is much more active.} g6 34. Kg1 Rb7 35. Rc8+ Ke7 36. Kf2 h5 37. h4 Kd7 38. Rh8 Kd6 39. Kg3 Ke5 (39... Ke7 $16 40. Ba6 Ra7) 40. Rc8 Kd6 (40... Re6 $16 {was called for.} 41. Bf1 Ra7) 41. Be4 {[%emt 0:31:59][%cal Oc8c6] Rxc6+! is the strong threat.} ({Don't play} 41. Rf4 $6 Rxf4 42. Kxf4 Ra7 $16) 41... Rb5 {[%emt 0:06:32] [#]} (41... Rb6 $142 42. Bxd5 Bxd5 43. Rd8+ Ke7 44. R8xd5 (44. R4xd5 Rfc6 $18) 44... Rfc6 45. Re4+ Kf6 46. Rf4+ Ke7 47. Re5+ Kf8) 42. Rd8+ $1 $18 Ke5 {[%emt 0:06:17] [#]} (42... Kc7 $142) 43. f4+ $1 Rxf4 {[%emt 0:07:34] [#]} 44. Bxd5 $1 {[%emt 0:00:00][%mdl 512] Weighted Error Value: White=0.10 (very precise) /Black=0.29 (precise) .  Mistake:       	---       	Black=5      Inaccurate:     	White=5     	Black=4      OK:         	White=14    	Black=12     Best:        	---       	Black=1      Strong:       	White=1     	---        Brilliant:      	White=2     	---} 1-0

[Event "FIDE Women GP Shimkent 2024"]
[Site "Shimkent"]
[Date "2024.11.02"]
[Round "4.2"]
[White "Paehtz, Elisabeth"]
[Black "Assaubayeva, Bibisara"]
[Result "1/2-1/2"]
[ECO "B22"]
[WhiteElo "2458"]
[BlackElo "2487"]
[Annotator "TA"]
[PlyCount "74"]
[EventDate "2024.10.11"]
[EventType "tourn"]
[EventCountry "KAZ"]
[SourceTitle "playchess.com"]
[Source "ChessBase"]
[SourceQuality "1"]
[TimeControl "40/5400+30:1800+30"]

1. e4 c5 2. c3 Nf6 3. e5 Nd5 4. Nf3 d6 5. d4 cxd4 6. cxd4 Nc6 7. Bc4 Nb6 8. Bb5 dxe5 9. Nxe5 Bd7 10. Nxd7 Qxd7 11. Nc3 Rd8 12. O-O e6 13. Bg5 Be7 14. Bxe7 Qxe7 15. Qf3 O-O 16. Bxc6 bxc6 17. Rfd1 Qb4 18. Qxc6 Qxb2 {[%emt 0:04:03] [#] And now ...Rc8 would win.} 19. Rab1 Qa3 20. Qc5 Qa6 21. Qb5 Qxb5 22. Nxb5 Nd5 {[%emt 0:00:48] Strongly threatening ...a6.} 23. Rb3 a6 24. Nc3 Nxc3 25. Rxc3 $11 {[%emt 0:00:04][%mdl 4096] Endgame. KRR-KRR} Rd5 26. Ra3 Rc8 27. g3 a5 28. Rb1 g6 (28... Rxd4 29. Rxa5 h5 30. Rxh5 $11) 29. Rb2 Kg7 30. Re2 Rc4 ({Much weaker is} 30... Rxd4 31. Rxa5 Kf8 32. Kg2 $11) 31. Re5 a4 ({Don't play} 31... Rcxd4 32. Rxa5 Rxe5 33. Rxe5 $11) ({But not} 31... Rdxd4 $6 32. Rexa5 h6 33. Ra7 $11) 32. Rxd5 exd5 $17 {[%emt 0:00:24] KR-KR} 33. Rd3 Kf6 34. Kg2 Rc2 35. Ra3 Rc4 36. Rd3 {[%emt 0:00:04] [#]} Rc2 ({Better is} 36... Kf5 $1 $17 {Threatens to win with ...Ke4.} 37. Kf3 h5) 37. Ra3 $11 Rc4 {[%emt 0:00:03] Weighted Error Value: White=0.06 (flawless) /Black=0.10 (very precise) .  Mistake:       	---       	Black=1      Inaccurate:     	White=2     	Black=1      OK:         	White=7     	Black=16     Best:        	White=4     	---} 1/2-1/2

[Event "FIDE Women GP Shimkent 2024"]
[Site "Shimkent"]
[Date "2024.11.02"]
[Round "4.3"]
[White "Koneru, Humpy"]
[Black "Salimova, Nurgyul"]
[Result "1-0"]
[ECO "D35"]
[WhiteElo "2530"]
[BlackElo "2405"]
[Annotator "TA"]
[PlyCount "127"]
[EventDate "2024.10.11"]
[EventType "tourn"]
[EventCountry "KAZ"]
[SourceTitle "playchess.com"]
[Source "ChessBase"]
[SourceQuality "1"]
[TimeControl "40/5400+30:1800+30"]

1. c4 e6 2. Nc3 d5 3. d4 Nf6 4. cxd5 exd5 5. Bg5 Be7 6. e3 O-O 7. Bd3 Re8 8. Nf3 {[%emt 0:02:09] D35: Queen's Gambit Declined: Exchange Variation.} h6 {[%emt 0:07:28] is now debated instead of 8...Nbd7.} 9. Bf4 c5 10. dxc5 Bxc5 11. O-O Nc6 12. h3 a6 13. Rc1 Ba7 14. Ne2 Ne4 15. Ned4 Nxd4 $146 ({Predecessor:} 15... Qf6 16. Nxc6 bxc6 17. Bxe4 Rxe4 18. b3 a5 19. Bg3 Bb6 20. Qc2 Bd7 21. Rfd1 Rc8 {1-0 Kryakvin,D (2471)-Zakaryan,D (2296) Yalta Yialos blitz op 2023 (4)}) 16. exd4 g5 17. Bc7 Qf6 18. Be5 Qb6 19. Bxe4 dxe4 20. Nd2 Qg6 21. Qb3 Be6 22. Qxb7 f6 23. Bc7 Bxd4 24. Nxe4 Ra7 25. Qc6 Rxc7 26. Nxf6+ Bxf6 27. Qxc7 g4 28. hxg4 Bxg4 29. Qc6 Rf8 30. Qd5+ (30. Qxa6 Bf3 31. Qe6+ Kh8 $19) 30... Kh8 31. Rc6 Qg7 32. b4 (32. Rxa6 $2 Be2 (32... Bxb2 $2 33. Ra8 $18) 33. Ra8 Bxf1 34. Rxf8+ Qxf8 $19) 32... Bh4 33. Qd6 (33. Rxa6 $2 Bf3 $19) 33... h5 34. f3 Bf6 35. Rc7 (35. fxg4 $2 Bd4+ $19) (35. Kh1 $5 Bd7 36. Rc5 $16 (36. Rxa6 Bb5 $11)) 35... Bd4+ (35... Be5 $5 36. Rxg7 Bxd6 $11) 36. Kh1 Be5 $1 37. Rxg7 Bxd6 38. Rg6 Bg3 (38... Bxb4 $14 39. Rxa6 Bc8) 39. Rxa6 Bf5 40. Rd1 (40. b5 $1 $18) 40... Kg7 $1 $14 41. b5 ({White should play} 41. a4 $1 $16) 41... Re8 $14 42. b6 Re2 43. Ra5 Kf6 $1 44. a4 h4 $1 45. b7 h3 $1 46. Rg1 Bd7 (46... Bd3 $1 $11) 47. Ra6+ $16 Kf5 48. Rb6 (48. gxh3 $2 Rh2#) 48... Bb8 49. a5 (49. gxh3 $2 Rh2#) 49... Ra2 $2 (49... Be6) 50. a6 (50. gxh3 $2 Rh2#) (50. Rd1 $142 Kg5 (50... hxg2+ $2 51. Kg1 $18) 51. Rd5+ (51. Rxd7 $2 Ra1+) 51... Kh4 52. gxh3 (52. Rxd7 $2 Ra1+) (52. Rh6+ Kg3 $16) 52... Bxh3 53. Rb4+ Kg3 54. Rg5+ Kf2 55. f4) 50... Kf4 $2 (50... Be6 51. g3 (51. gxh3 $2 Rh2#) 51... Bc4) 51. Rf6+ $18 Ke3 52. Rf8 hxg2+ (52... Be5 $142 53. f4 (53. b8=B Bxb8 54. Rxb8 hxg2+ 55. Rxg2 Rxa6 $18) 53... Bd6) 53. Rxg2 $18 Ra1+ 54. Rg1 Rxa6 55. Rxb8 Rh6+ 56. Kg2 Rg6+ 57. Kh2 $1 Rh6+ {[%emt 0:00:06] [#]} 58. Kg3 $1 Rg6+ {[%emt 0:00:29] [#]} 59. Kh4 $1 Rxg1 60. Re8+ Bxe8 61. b8=Q (61. b8=B {is a self mate.} Kxf3) 61... Rh1+ 62. Kg3 Bh5 63. Qf4+ Kd3 64. Kg2 (64. Qe4+ $142 Kd2 65. Qd4+ (65. Kg2 Bxf3+ 66. Kxf3 Rh3+ 67. Kf2 Rc3 $18) 65... Kc2 66. f4 (66. Kg2 Bxf3+ 67. Kxf3 Rh3+ 68. Ke2 Rh2+ 69. Kf1 Rh1+ 70. Kg2 Rc1 $18) 66... Bf3 67. Qf2+ (67. Kxf3 Rd1 $18) 67... Kb1 68. Qxf3 Rg1+ 69. Kf2) 1-0

[Event "FIDE Women GP Shimkent 2024"]
[Site "Shimkent"]
[Date "2024.11.02"]
[Round "4.4"]
[White "Lagno, Kateryna"]
[Black "Munguntuul, Batkhuyag"]
[Result "0-1"]
[ECO "B12"]
[WhiteElo "2527"]
[BlackElo "2344"]
[Annotator "TA"]
[PlyCount "82"]
[EventDate "2024.10.11"]
[EventType "tourn"]
[EventCountry "KAZ"]
[SourceTitle "playchess.com"]
[Source "ChessBase"]
[SourceQuality "1"]
[TimeControl "40/5400+30:1800+30"]

1. e4 c6 2. d4 d5 3. e5 Bf5 4. Nf3 e6 5. Nbd2 c5 6. Bb5+ Nc6 7. Bxc6+ bxc6 8. O-O {[%emt 0:00:15] The position is equal.} Bg4 9. c4 Qd7 10. Qa4 Rb8 11. dxc5 Bxf3 12. Nxf3 Bxc5 13. cxd5 cxd5 14. Qg4 f5 15. Qg3 h6 16. h4 (16. a3 $11) 16... Rb4 17. Bf4 Kf7 18. Rac1 Bb6 19. b3 $1 Ne7 20. h5 Rg8 21. Qh2 (21. Rc2 $11) 21... a5 22. Ne1 g5 23. hxg6+ Nxg6 24. Nd3 Nxf4 25. Nxf4 {[%emt 0:00:10] Qh5+ would now be deadly.} Rg4 {[%emt 0:00:19] Active counter play!} 26. Qh5+ (26. Nh3 $15) 26... Kg7 $19 27. Nd3 {[%emt 0:00:27] [#]} Rh4 {[%emt 0:00:10] Some like it hot} 28. Qf3 Rbg4 {[%emt 0:00:11] Strongly threatening ...f4.} 29. Nc5 (29. Rc3 $17 {was worth a try.}) 29... Qe7 30. Na4 {[%emt 0:00:19] [#]} (30. Nd3 Qg5 31. Nc5 Bxc5 32. Rxc5 Rxg2+ 33. Qxg2) 30... Rh5 $1 {[%emt 0:02:32][%cal Oe7h4] Black is clearly winning.} 31. Rfd1 {[%emt 0:02:03] [#]} (31. Rc3 Qh4) 31... Qh4 $1 32. Kf1 Rf4 33. Nxb6 Rxf3 34. gxf3 Qf4 35. Rc7+ Kg6 36. Nd7 Rh1+ ({And not} 36... Qxf3 37. Nf8+ Kg5 38. Nxe6+ Kg4 39. Rd4+ Kh3 40. Nf4+ Kh2 41. Nxh5 Qh3+ 42. Ke1 Qxh5 43. Rd7 $11 (43. Rxd5 f4 $14)) 37. Ke2 Rxd1 38. Kxd1 Qxf3+ 39. Ke1 d4 {[%emt 0:01:11] ( -> ...d3)} 40. Nf8+ Kh5 {[%emt 0:00:04] And now ...d3 would win.} 41. Nxe6 d3 {[%emt 0:30:42] Weighted Error Value: White=0.56/Black=0.07 (flawless) .  Mistake:       	White=5     	---        Inaccurate:     	White=3     	Black=3      OK:         	White=9     	Black=7      Best:        	White=1     	Black=7      Strong:       	White=1     	---} 0-1

[Event "FIDE Women GP Shimkent 2024"]
[Site "Shimkent"]
[Date "2024.11.02"]
[Round "4.5"]
[White "Divya Deshmukh"]
[Black "Tan, Zhongyi"]
[Result "1/2-1/2"]
[ECO "E94"]
[WhiteElo "2501"]
[BlackElo "2551"]
[Annotator "TA"]
[PlyCount "81"]
[EventDate "2024.10.11"]
[EventType "tourn"]
[EventCountry "KAZ"]
[SourceTitle "playchess.com"]
[Source "ChessBase"]
[SourceQuality "1"]
[TimeControl "40/5400+30:1800+30"]

1. d4 Nf6 2. Nf3 g6 3. c4 Bg7 4. Nc3 O-O 5. e4 d6 6. Be2 e5 7. O-O Na6 8. Be3 Qe7 {[%emt 0:00:26][%cal Of6e4] [#]} 9. c5 exd4 $11 10. cxd6 cxd6 11. Bxd4 Nc5 12. Re1 Ncxe4 13. Bc4 {[%emt 0:22:08] Strongly threatening Nxe4.} Nxc3 14. Rxe7 Nxd1 15. Rxd1 b6 16. Bb3 a5 17. a4 Bg4 18. h3 (18. Bxb6 Rab8 19. Rxd6 Nd7 $17) 18... Bxf3 19. gxf3 Rab8 20. Ra7 b5 21. Rxa5 bxa4 22. Bxa4 {[%emt 0:00:19] A strong pair of Bishops.} Nh5 23. b3 Nf4 24. Bxg7 Kxg7 25. Rxd6 Nxh3+ 26. Kh2 Nf4 (26... Nxf2 $2 {perishes.} 27. Kg2 $18) 27. Bb5 Rb7 28. Bc4 h6 29. Ra4 {[%emt 0:05:53] aiming for Ba6.} g5 30. b4 $1 Re8 {[%emt 0:00:12] Threatening ...Re1.} 31. b5 Re1 32. b6 {[%emt 0:04:12] And now Ra7 would win.} Rb1 33. Ra6 h5 (33... Rb4 $15 34. Bd5 Nxd5 35. Rxd5 R7xb6 (35... R4xb6 36. Rd6 $15) 36. Rxb6 Rxb6) 34. Ra5 f6 {[%emt 0:00:44] [#]} (34... R1xb6 $11 35. Rxg5+ Ng6 36. Rxb6 Rxb6) 35. Rb5 ({Not} 35. Ra7 R1xb6 36. Rxb6 Rxa7 $17) ({Only move:} 35. Bb5 $1 $18) 35... Rc1 $1 $14 36. Bd5 (36. Rc6 $14 Rc2 37. Rb4) 36... Nxd5 $11 {[%emt 0:02:44] The position is equal.} 37. Rbxd5 Rb1 38. f4 gxf4 39. Rxh5 R1xb6 40. Rxb6 Rxb6 41. Rf5 {[%emt 0:30:04] Weighted Error Value: White=0.14 (very precise) /Black=0.13 (very precise) .  Mistake:       	White=2     	Black=2      Inaccurate:     	White=1     	---        OK:         	White=10    	Black=14     Best:        	White=3     	Black=4      Strong:       	White=1     	Black=1} 1/2-1/2